 Dungeon Crawl Stone Soup version 0.25-a0-265-g7af84ae (webtiles) character file.

Game seed: 17703230784409164092, levelgen mode: deterministic

3546 Birdy the Grappler (level 9, -2/118 (121) HPs)
             Began as a Green Draconian Transmuter on Dec 8, 2019.
             Was an Initiate of Sif Muna.
             Slain by a killer bee (5 damage)
             ... on level 8 of the Dungeon.
             The game lasted 00:18:21 (9121 turns).

Birdy the Grappler (Green Draconian Transmuter)     Turns: 9121, Time: 00:18:22

HP:   -2/118 (121)  AC: 24    Str: 15    XL:     9   Next: 83%
MP:   12/12         EV:  2    Int: 14    God:    Sif Muna [......]
Gold: 513           SH:  0    Dex: 12    Spells: 11/12 levels left

rFire    . . .     SeeInvis .     - Unarmed
rCold    . . .     Gourm    .   (no shield)
rNeg     + + +     Faith    .   (armour unavailable)
rPois    +         Spirit   .   (helmet currently unavailable)
rElec    .         Reflect  .   (cloak currently unavailable)
rCorr    .         Harm     .   (gloves currently unavailable)
MR       .....     NoTele   +   (boots currently unavailable)
Stlth    +.........             (no amulet)
HPRegen  0.29/turn              (no ring)
MPRegen  0.13/turn              (no ring)

@: tree-form, slowed, very slow
A: (breathe noxious fumes), unfitting armour, AC +7
a: Renounce Religion


You were on level 8 of the Dungeon.
You worshipped Sif Muna.
Sif Muna was noncommittal.
You were not hungry.
You were a tree.
You visited 2 branches of the dungeon, and saw 9 of its levels.

You collected 513 gold pieces.

Inventory:

Missiles
 b - 63 bolts
 m - 24 arrows
Armour
 o - a scarf of repulsion (melded)
 r - a +0 cloak
Wands
 g - a wand of paralysis (3)
 n - a wand of flame (12)
Scrolls
 d - 4 scrolls of enchant weapon
 e - a scroll of blinking
 h - 5 scrolls of remove curse
 i - a scroll of amnesia
 j - a scroll of enchant armour {unknown}
 k - 2 scrolls of teleportation
Potions
 f - a potion of brilliance
 l - a potion of cancellation
 p - a potion of flight {unknown}
Comestibles
 c - 15 rations


   Skills:
 + Level 7.8 Fighting
 + Level 6.7 Dodging
 * Level 10.4 Unarmed Combat
 - Level 2.0 Spellcasting
 - Level 2.0 Transmutations


You had 11 spell levels left.
You knew the following spells:

 Your Spells              Type           Power        Failure   Level  Hunger
a - Beastly Appendage     Tmut           #.....       11%         1    ##.....

Your spell library contained the following spells:

 Spells                   Type           Power        Failure   Level  Hunger
 Sticks to Snakes         Tmut           #.......     16%         2    ###....
 Spider Form              Tmut/Pois      #.........   43%         3    ####...
 Ice Form                 Ice/Tmut       #.......     83%         4    #####..
 Blade Hands              Tmut           #.........   96%         5    ######.


Dungeon Overview and Level Annotations

Branches:
Dungeon (8/15)             Temple (1/1) D:7
   Lair: D:8-11

Altars:
Ashenzari
Dithmenos
Elyvilon
Fedhas
Gozag
Hepliaklqana
Kikubaaqudgha
Makhleb
Nemelex Xobeh
Qazlal
Ru
Sif Muna
Trog
Uskayaw
Vehumet
Wu Jian
Xom
Yredelemnul
Zin
The Shining One


Innate Abilities, Weirdness & Mutations

((You can breathe blasts of noxious fumes.))
((Your lurid green scales are hard. (AC +7)))
You cannot fit into any form of body armour.
((Your system is resistant to poisons. (rPois)))
((You are cold-blooded and may be slowed by cold attacks.))


Message History

The orc hits you but does no damage.
Okay, then.
You hit the orc.
The orc is severely wounded.
The orc priest calls upon Beogh to heal the orc.
The orc's wounds heal themselves!
The orc hits you but does no damage.
You hit the orc.
The orc is almost dead.
The orc hits you but does no damage.
You smack the orc priest!
You kill the orc priest!
Sif Muna accepts your kill.
You feel a little less agile now. The orc hits you but does no damage.
The killer bee stings you but does no damage.
You barely miss the killer bee.
The killer bee is moderately wounded.
The killer bee stings you but does no damage. x2
The orc completely misses you. The killer bee stings you.
You die...

.##... #.#...
..... .......
..... #.....#
#. ....##....#
#.. #........#
##..#.......#
..........#
.......<..###
..........y♣#
.....#....o##
##.. #....O...
#y.............
#........>...##
.............#
.......!...#..#
......##...#...


You could see an ogre, a killer bee and an orc.

Vanquished Creatures
  Erica (D:8)
  Grinder (D:6)
  Menkaure (D:5)
  An orc warrior (D:6)
  2 ice beasts
  A black bear (D:6)
  A necrophage (D:5)
  4 ogres
  A phantom (D:5)
  3 centaurs
  3 bullfrogs (D:6)
  3 scorpions
  6 killer bees (D:8)
  A howler monkey (D:5)
  A crimson imp (D:7)
  5 orc wizards
  2 hounds (D:6)
  A jelly (D:6)
  2 orc priests (D:8)
  A centaur skeleton (D:5)
  An iguana (D:5)
  5 worker ants
  8 gnolls (D:4)
  8 adders
  A shadow imp (D:5)
  2 oozes
  An adder zombie (D:5)
  An adder skeleton (D:4)
  8 worms
  4 dart slugs
  3 leopard geckos
  25 orcs
  3 ball pythons
  7 giant cockroaches
  9 goblins
  13 hobgoblins
  14 jackals
  7 quokkas
  10 bats
  2 frilled lizards
  8 kobolds
  2 leopard gecko skeletons
  A leopard gecko zombie (D:6)
  A quokka skeleton (D:5)
  4 rats
189 creatures vanquished.

Vanquished Creatures (collateral kills)
  A killer bee (D:8)
  A hound (D:8)
  An orc priest (D:8)
3 creatures vanquished.

Vanquished Creatures (others)
  An ogre (D:7)
1 creature vanquished.

Grand Total: 193 creatures vanquished

Notes
Turn   | Place    | Note
-------+----------+-------------------------------------------
     0 | D:1      | Birdy the Draconian Transmuter began the quest for the Orb.
     0 | D:1      | Reached XP level 1. HP: 16/16 MP: 3/3
   159 | D:1      | Reached XP level 2. HP: 7/23 MP: 5/5
   808 | D:1      | Reached XP level 3. HP: 27/29 MP: 6/6
  1386 | D:2      | Reached skill level 4 in Unarmed Combat
  1448 | D:2      | Reached XP level 4. HP: 21/36 MP: 7/7
  2148 | D:3      | Found a sparkling altar of Nemelex Xobeh.
  2148 | D:3      | Found a white marble altar of Elyvilon.
  3061 | D:3      | Reached XP level 5. HP: 24/42 MP: 8/8
  3066 | D:3      | Found an ancient bone altar of Kikubaaqudgha.
  3906 | D:4      | Reached skill level 5 in Unarmed Combat
  3923 | D:4      | Noticed an ogre
  3936 | D:4      | Killed an ogre
  3936 | D:4      | Reached XP level 6. HP: 51/51 MP: 9/9
  5056 | D:4      | Found a radiant altar of Vehumet.
  5233 | D:5      | Entered Level 5 of the Dungeon
  5267 | D:5      | Reached skill level 6 in Unarmed Combat
  5267 | D:5      | Your scales start taking on a lurid green colour.
  5267 | D:5      | Reached XP level 7. HP: 24/59 MP: 8/10
  5267 | D:5      | Gained mutation: Your system is resistant to poisons.
                  | (rPois) [Green Draconian growth]
  5675 | D:5      | Noticed Menkaure
  5684 | D:5      | Killed Menkaure
  6365 | D:5      | Reached skill level 7 in Unarmed Combat
  6429 | D:5      | Reached skill level 5 in Fighting
  6456 | D:5      | Reached XP level 8. HP: 51/66 MP: 9/11
  6609 | D:5      | Found a shimmering altar of Xom.
  6831 | D:6      | Reached skill level 5 in Dodging
  6831 | D:6      | Reached skill level 8 in Unarmed Combat
  7038 | D:6      | Found a sacrificial altar of Ru.
  7103 | D:6      | Noticed Grinder
  7103 | D:6      | Paralysed by Grinder for 6 turns
  7129 | D:6      | Paralysed by Grinder for 3 turns
  7153 | D:6      | Killed Grinder
  7461 | D:6      | Found an opulent altar of Gozag.
  7579 | D:6      | Reached XP level 9. HP: 67/76 MP: 10/12
  7822 | D:7      | Reached skill level 9 in Unarmed Combat
  7838 | D:7      | Found a staircase to the Ecumenical Temple.
  7847 | Temple   | Entered the Ecumenical Temple
  8001 | Temple   | Became a worshipper of Sif Muna the Loreminder
  8396 | D:7      | Found a shattered altar of Ashenzari.
  8840 | D:7      | Found a blossoming altar of Fedhas.
  9081 | D:8      | Noticed Erica
  9115 | D:8      | Killed Erica
  9115 | D:8      | Reached skill level 10 in Unarmed Combat
  9117 | D:8      | HP: 1/117 [orc priest/divine providence (13)]
  9121 | D:8      | Slain by a killer bee

Levels and vault maps discovered:
D:1:      kennysheep_arrival_seaside, layout_rooms, serial_park_tiny_2
D:2:      layout_basic
D:3:      layout_basic, kiku_gazebo_pond_becter,
          chequers_temple_overflow_statue_of_worship, first_ration,
          guppyfry_early_orc_mine
D:4:      minmay_bubble_buster, layout_loops_ring, lemuel_coloured_pillars_altar
D:5:      layout_basic, tgw_xom, uniq_menkaure
D:6:      layout_gridville, grunt_gozag_statues, lemuel_doored_altar,
          minmay_tree_intersection, uniq_grinder
D:7:      nicolae_whirlpool, layout_loops_corners,
          ashenzari_conservatory_becter, minmay_temple_entry_ruins,
          grunt_ogre_cave, fedhas_altar_1
D:8:      layout_cave_pools, kennysheep_okawaru_gauntlet, slow_altar_1,
          serial_park_tiny_pond, lemuel_mausoleum_altar_yredelemnul,
          uniq_maurice, uniq_pikel, uniq_erica
Temple:   minmay_temple_forest_path

Skill      XL: |  1  2  3  4  5  6  7  8  9 |
---------------+----------------------------+-----
Dodging        | 2 3 4 5 6 |  6.7
Fighting       | 2 3 4 5 6 7 |  7.8
Unarmed Combat | 4 5 6 7 8 10 | 10.4
Spellcasting   | |  2.0
Transmutations | |  2.0

Action                   |  1- 3 |  4- 6 |  7- 9 || total
-------------------------+-------+-------+-------++-------
Melee: Unarmed           |   138 |   270 |   319 ||   727
       Kick              |    18 |    20 |    34 ||    72
       Tailslap          |    10 |    30 |    32 ||    72
       Punch             |     3 |     4 |    13 ||    20
       Headbutt          |     5 |    13 |     6 ||    24
 Cast: Beastly Appendage |    23 |    34 |    30 ||    87
 Abil: Breathe Noxious F |       |       |    18 ||    18
Evoke: Wand              |       |     3 |       ||     3
  Use: Scroll            |     5 |     1 |     3 ||     9
       Potion            |       |     7 |     5 ||    12
 Stab: Paralysed         |       |     2 |       ||     2
       Confused          |       |       |    11 ||    11
  Eat: Chunk             |     2 |    12 |     9 ||    23
       Ration            |       |       |     3 ||     3
Armor: Skin              |    62 |    52 |    73 ||   187
Dodge: Dodged            |   111 |   186 |   212 ||   509
       Deflected         |       |     2 |     6 ||     8

Table legend:
 A = Non-vault XP
 B = Vault XP
 C = Vault XP percentage of total XP
 D = Non-vault monster count
 E = Vault monster count
 F = Vault count percentage of total count
                 A         B        C        D         E       F
            +---------+---------+-------+---------+---------+-------
      Total |    3403 |    1664 |  32.8 |     175 |      18 |   9.3
            +---------+---------+-------+---------+---------+-------
        D:1 |      58 |       0 |   0.0 |      29 |       0 |   0.0
        D:2 |      72 |       0 |   0.0 |      22 |       0 |   0.0
        D:3 |      76 |      17 |  18.3 |      26 |       7 |  21.2
        D:4 |     340 |     109 |  24.3 |      22 |       3 |  12.0
        D:5 |     700 |     181 |  20.5 |      25 |       4 |  13.8
        D:6 |    1090 |     272 |  20.0 |      28 |       1 |   3.4
        D:7 |     495 |     198 |  28.6 |      10 |       2 |  16.7
        D:8 |     572 |     887 |  60.8 |      13 |       1 |   7.1
            +---------+---------+-------+---------+---------+-------
